 Dungeon Crawl Stone Soup version 0.28-a0-258-g8de209e91f (webtiles) character file.

Game seed: 2628320489435111977

7 SeanNever the Chopper (level 1, 0/18 HPs)
             Began as a Minotaur Gladiator on Aug 26, 2021.
             Succumbed to an adder's poison
             ... on level 3 of the Dungeon.
             The game lasted 00:00:58 (130 turns).

SeanNever the Chopper (Minotaur Gladiator)           Turns: 130, Time: 00:00:58

Health: 0/18       AC:  3    Str: 18    XL:     1   Next: 83%
Magic:  0/0        EV: 12    Int:  5    God:
Gold:   8          SH:  0    Dex: 11    Spells: 0/0 levels left

rFire   . . .      SeeInvis .   a - +0 war axe
rCold   . . .      Faith    .   (no shield)
rNeg    . . .      Spirit   .   b - +0 leather armour
rPois   .          Reflect  .   c - +0 hat
rElec   .          Harm     .   (no cloak)
rCorr   .          Rampage  .   (no gloves)
Will    .....                   (no boots)
Stlth   +.........              (no amulet)
HPRegen 0.06/turn               (no ring)
MPRegen 0.07/turn               (no ring)

@: lethally poisoned (0 -> -4)
A: horns 2, retaliatory headbutt
a: no special abilities


You were on level 3 of the Dungeon.
You visited 1 branch of the dungeon, and saw 3 of its levels.

You collected 8 gold pieces.

Inventory:

Hand Weapons
 a - a +0 war axe (weapon)
Missiles
 d - 3 throwing nets (quivered)
Armour
 b - a +0 leather armour (worn)
 c - a +0 hat (worn)


   Skills:
 + Level 2.6 Fighting
 + Level 3.9 Axes
 + Level 2.0 Throwing
 + Level 3.4 Dodging


You couldn't memorise any spells.
You didn't know any spells.
Your spell library was empty.

Dungeon Overview and Level Annotations

Branches:
Dungeon (3/15)

Altars:
Okawaru


Innate Abilities, Weirdness & Mutations

You have a pair of horns on your head.
You reflexively headbutt those who attack you in melee.


Message History

The bat hits you but does no damage. The bat hits you but does no damage.
The bat closely misses you. The bat hits you. The bat misses you.
You furiously retaliate!
You headbutt the bat.
You kill the bat!
There is a stone staircase leading down here.
You climb downwards.
The orc shouts! x3; The orc wizard shouts!
The adder hisses angrily.
The endoplasm quivers.
Found an iron altar of Okawaru.
There is a stone staircase leading up here.
The quokka bites you. x2
The quokka closely misses you. The quokka bites you.
The orc wizard casts a spell.
The orc wizard flickers and vanishes!
Deactivating autopickup; reactivate with Ctrl-A.
You barely miss the adder. The adder completely misses you.
The adder bites you.
The quokka bites you but does no damage.
You barely miss the adder. You closely miss the quokka.
The adder bites you but does no damage.
The quokka bites you but does no damage.
The adder bites you but does no damage.
You slash the adder! Your headbutt misses the adder.
The adder is severely wounded.
You closely miss the quokka. You barely miss the orc. The quokka misses you.
You furiously retaliate!
You headbutt the quokka!
You kill the quokka!
The adder bites you.
* * * LOW HITPOINT WARNING * * *
You are poisoned.
The adder poisons you! The orc hits you with a +0 whip.
* * * LOW HITPOINT WARNING * * *
The endoplasm freezes you.
You are frozen.
* * * LOW HITPOINT WARNING * * *
A bat comes into view.
You die...

##... ..b####
.....###.......
..............
.............
...........#
...........#
...........#
.#.♣.♣.#@...#
..........o..#
...♣.♣.♣.♣SJ..#
......_...o#..#
...♣.♣.♣.♣....#
.........o.o..#
...#.♣.♣.#....#
..............#
..............#


You could see an adder, 4 orcs, an endoplasm and a bat (asleep).

Vanquished Creatures
  A worm (D:2)
  2 bats (D:2)
  A quokka (D:3)
4 creatures vanquished.

Notes
Turn   | Place    | Note
-------+----------+-------------------------------------------
     0 | D:1      | SeanNever the Minotaur Gladiator began the quest for the
                  | Orb.
     0 | D:1      | Reached XP level 1. HP: 18/18 MP: 0/0
    32 | D:1      | You fall into a shaft and drop 1 floor!
   114 | D:3      | Noticed an orc wizard
   114 | D:3      | Found an iron altar of Okawaru.
   130 | D:3      | Succumbed to an adder's poison

Illustrated notes

Levels and vault maps discovered:
D:1:      scummos_arrival_hexagon, layout_basic, serial_shops, shop
D:2:      layout_loops_cross, ebering_ecumenical_altar_petrified,
          minmay_cut_off, uniq_natasha
D:3:      layout_basic, minitemple, okawaru_trees_1, bloody_trog

Action                   || total
-------------------------++-------
Melee: War axe           ||     7
       Headbutt          ||     1
Armor: Leather armour    ||    12
Dodge: Dodged            ||    18

Table legend: (Time is in decaauts)
 A = Elapsed time spent in this place.
 B = Non-inter-level travel time spent in this place.
 C = Inter-level travel time spent in this place.
 D = Time resting spent in this place.
 E = Time spent auto-exploring this place.
 F = Levels seen in this place.
 G = Mean time per level.
                   A        B        C        D        E       F      G
               +--------+--------+--------+--------+--------+-----+--------+
         Total |    131 |     98 |     33 |      0 |      0 |   3 |   43.7 |
       Dungeon |    131 |     98 |     33 |      0 |      0 |   3 |   43.7 |
               +--------+--------+--------+--------+--------+-----+--------+

Top non-repeatable levels by time:
     D:2: 83 daAuts
     D:1: 32 daAuts
     D:3: 16 daAuts
